 Dungeon Crawl Stone Soup version 0.29.1-12-g30fa7ad0bf (webtiles) character file.

Game seed: 18232275726553911591

376 croobank the Firebug (level 6, -7/48 HPs)
             Began as a Demigod Fire Elementalist on Dec 22, 2022.
             Killed from afar by an orc wizard (9 damage)
             ... with a puff of flame
             ... on level 4 of the Dungeon.
             The game lasted 00:12:53 (4899 turns).

croobank the Firebug (Demigod Fire Elementalist)    Turns: 4899, Time: 00:12:54

Health: -7/48      AC:  2    Str:  9    XL:     6   Next: 20%
Magic:  1/13       EV: 13    Int: 25    God:
Gold:   117        SH:  0    Dex: 14    Spells: 4/10 levels left

rFire   . . .      SeeInvis .   l - +3 short sword (flame)
rCold   . . .      Faith    .   (no shield)
rNeg    . . .      Spirit   .   a - +0 robe
rPois   .          Reflect  .   (no helmet)
rElec   .          Harm     .   o - scarf {repulsion}
rCorr   .          Rampage  .   (no gloves)
Will    .....                   (no boots)
Stlth   ++........              (no amulet)
HPRegen 0.16/turn               (no ring)
MPRegen 0.13/turn               (no ring)

@: very slightly contaminated, repel missiles
A: high MP 1, forlorn, divine attributes
a: no special abilities


You were on level 4 of the Dungeon.
You visited 1 branch of the dungeon, and saw 4 of its levels.

You collected 117 gold pieces.

Inventory:

Hand Weapons
 d - a +2 vorpal halberd
 e - a +0 dagger
 f - a +0 short sword
 h - a +0 antimagic dagger
 l - a +3 short sword of flaming (weapon)
Armour
 a - a +0 robe (worn)
 o - a scarf of repulsion (worn)
 r - a +1 buckler
Jewellery
 q - an amulet of the acrobat
Scrolls
 b - 2 scrolls of noise
Potions
 g - 2 potions of lignification
 i - a potion of degeneration {unknown}
 k - a potion of flight {unknown}
 m - 2 potions of might
 p - a potion of heal wounds {unknown}
 s - a potion of magic


   Skills:
 + Level 1.9 Fighting
 + Level 1.1 Short Blades
 + Level 3.0 Dodging
 + Level 2.8 Stealth
 + Level 2.7 Spellcasting
 + Level 2.1 Conjurations
 + Level 1.6 Hexes
 + Level 3.4 Fire Magic


You had 4 spell levels left.
You knew the following spells:

 Your Spells              Type           Power      Damage    Failure   Level
a - Foxfire               Conj/Fire      68%        2x1d7     3%          1
b - Scorch                Fire           40%        2d7       3%          2
c - Inner Flame           Hex/Fire       16%        N/A       11%         3

Your spell library contained the following spells:

 Spells                   Type           Power      Damage    Failure   Level
 Conjure Flame            Conj/Fire      17%        6-21      10%         3
 Sting                    Tmut/Pois      12%        1d3       11%         1
 Summon Small Mammal      Summ           12%        N/A       11%         1
 Poisonous Vapours        Pois/Air       6%         N/A       16%         2
 Summon Guardian Golem    Hex/Summ       7%         N/A       22%         3
 Call Canine Familiar     Summ           3%         N/A       30%         3
 Flame Wave               Conj/Fire      17%        2d7       32%         4
 Olgreb's Toxic Radiance  Pois           3%         N/A       71%         4


Dungeon Overview and Level Annotations

Branches:
Dungeon (4/15)
 Temple: D:4-7

Annotations:
D:2 1 runed translucent door, Crazy Yiuf


Innate Abilities, Weirdness & Mutations

You have an increased reservoir of magic. (+10% MP)
You shall have no god before yourself.
Your divine heritage dramatically boosts your attributes as you level up.


Message History

Casting: Foxfire (safe; 3% risk of failure)
Confirm with . or Enter, or press ? or * to list all spells.
You conjure some foxfire!
The foxfire hits the orc.
The orc is lightly wounded.
The foxfire hits the orc.
The orc is moderately wounded.
Casting: Foxfire (safe; 3% risk of failure)
Confirm with . or Enter, or press ? or * to list all spells.
You miscast Foxfire.
You are very lightly contaminated with residual magic.
Nothing appears to happen.
The orc hits you with a +4 dagger.
* * * LOW HITPOINT WARNING * * *
Casting: Foxfire (safe; 3% risk of failure)
Confirm with . or Enter, or press ? or * to list all spells.
You conjure some foxfire!
An orc wizard appears from thin air!
Reactivating autopickup.
The orc wizard hits you but does no damage.
The orc closely misses you.
The foxfire hits the orc.
The orc is severely wounded.
Your foxfire dissipates!
You see here a ball python corpse.
Casting: Foxfire (safe; 3% risk of failure)
Confirm with . or Enter, or press ? or * to list all spells.
You conjure some foxfire!
The orc wizard casts a spell at you. The magic dart hits you.
* * * LOW HITPOINT WARNING * * *
The orc hits you with a +4 dagger.
* * * LOW HITPOINT WARNING * * *
The foxfire hits the orc.
The orc is almost dead.
The foxfire hits the orc wizard!
The orc wizard is severely wounded.
Casting: Foxfire (safe; 3% risk of failure)
Confirm with . or Enter, or press ? or * to list all spells.
Flames lash the orc.
You kill the orc!
The orc wizard points at you and mumbles some strange words.
The puff of flame hits you!
You die...

..........# ..#
#.........# ..#
####
#.......)##
..##....
.........##
........
..........#
........
...##)...##
........
...##...)#
.......^ ..
#..oo.#
........
#...@.##
........
+......+
........
##....##..
........
##....##...
........
#...........
........#>
#...........
........#..
#......#...#
..##....
#..##.....#####
..# ####
#..##....##


You could see an orc wizard and an orc.

Vanquished Creatures
  A phantom (D:4)
  A necrophage (D:4)
  An orc priest (D:4)
  An orc wizard (D:4)
  Robin (D:2)
  An adder (D:3)
  4 gnolls (D:4)
  An ufetubus (D:4)
  3 dart slugs
  9 orcs (D:4)
  18 ball pythons
  8 bats
  5 endoplasms
  3 giant cockroaches (D:1)
  14 goblins
  7 hobgoblins
  3 jackals (D:1)
  12 kobolds
  3 quokkas
  6 frilled lizards
  5 rats
107 creatures vanquished.

Vanquished Creatures (others)
  199 foxfires
  3 fungi (D:2)
  16 plants (D:1)
218 creatures vanquished.

Grand Total: 325 creatures vanquished

Notes
Turn   | Place    | Note
-------+----------+-------------------------------------------
     0 | D:1      | croobank the Demigod Fire Elementalist began the quest for
                  | the Orb.
     0 | D:1      | Reached XP level 1. HP: 14/14 MP: 5/5
    41 | D:1      | Reached skill level 1 in Conjurations
   124 | D:1      | Reached XP level 2. HP: 21/22 MP: 0/7
   127 | D:1      | Learned a level 2 spell: Scorch
  1140 | D:1      | Reached XP level 3. HP: 27/27 MP: 5/8
  1144 | D:1      | Learned a level 3 spell: Inner Flame
  1371 | D:1      | Reached skill level 1 in Fighting
  1994 | D:2      | Noticed Robin
  2018 | D:2      | Killed Robin
  2286 | D:2      | Reached XP level 4. HP: 34/35 MP: 5/10
  2722 | D:2      | Found a runed translucent door.
  2723 | D:2      | Noticed Crazy Yiuf
  4048 | D:4      | Noticed a necrophage
  4048 | D:4      | Noticed a phantom
  4071 | D:4      | Reached skill level 1 in Hexes
  4074 | D:4      | Killed a necrophage
  4075 | D:4      | Reached XP level 5. HP: 18/40 MP: 2/11
  4077 | D:4      | HP: 4/90 [something (2)]
  4624 | D:4      | Identified the +11 dagger of Reapportionment {vamp, *Noise
                  | rC+ Dex+6}
  4661 | D:4      | Reached skill level 1 in Short Blades
  4661 | D:4      | Reached XP level 6. HP: 47/48 MP: 4/13
  4897 | D:4      | HP: 2/48 [orc/+4 dagger (1)]
  4899 | D:4      | Killed from afar by an orc wizard

Illustrated notes

Levels and vault maps discovered:
D:1:      psy_arrival_dodecagon, layout_loops_cross, chequers_garden,
          hangedman_decor_peaks_small, minmay_strange_pillars,
          lexackson_kobold_supper
D:2:      layout_basic, basic_altar, nicolae_ecumenical_snake_handling,
          uniq_robin, uniq_crazy_yiuf_cottage
D:3:      layout_basic, minmay_statues_item
D:4:      layout_gridville, old_standard_altar

Skill      XL: |  1  2  3  4  5  6 |
---------------+-------------------+-----
Conjurations   | 1 2 |  2.1
Dodging        | 2 3 |  3.0
Stealth        | 2 |  2.8
Spellcasting   | 2 |  2.7
Fire Magic     | 3 |  3.4
Fighting       | 1 |  1.9
Hexes          | 1 |  1.6
Short Blades   | 1 |  1.1

Action                   |  1- 3 |  4- 6 || total
-------------------------+-------+-------++-------
Melee: Dagger            |     1 |       ||     1
       Short sword       |    34 |    44 ||    78
Throw: Throwing net      |       |     1 ||     1
 Cast: Foxfire           |    72 |    56 ||   128
       Scorch            |    15 |    20 ||    35
  Use: Scroll            |     2 |     6 ||     8
       Potion            |     1 |     4 ||     5
 Stab: Sleeping          |     1 |     2 ||     3
Armor: Robe              |    18 |     5 ||    23
       Skin              |       |    34 ||    34
Dodge: Dodged            |    55 |    33 ||    88
